Map: Flashback LE

Players

abrbrbra

  • Race: Zerg Zerg
  • Spawn Location: 7:00

IGViper

  • Race: Terran Terran
  • League: Silver
  • Spawn Location: 7:00

trabajador

  • Race: Protoss Protoss
  • Spawn Location: 7:00

Throwfordays - Winner!

  • Race: Zerg Zerg
  • League: Silver
  • Spawn Location: 11:00

Cthulhu - Winner!

  • Race: Terran Terran
  • Spawn Location: 11:00

Faust - Winner!

  • Race: Zerg Zerg
  • League: Diamond
  • Spawn Location: 9:00

VOD

Have the link to the VOD?

Description

Time

  • Played on: July 4, 2020, 9:27 p.m.
  • Length: 9:24
Show
View Real Time Build Order
Export as new Build Order

abrbrbra Zerg 

Build Orders: Hatch First, Muta Ling Bane 

Get SALT Encoding   

  12  0:02  Drone  
  13  0:09  Drone  
  13  0:14  Extractor  
  13  0:16  Drone  
  15  0:49  Hatchery, Overlord  
  14  1:07  Extractor  
  14  1:10  Drone x3  
  16  1:17  Spawning Pool  
  15  1:25  Drone  
  16  1:34  Drone  
  17  1:45  Drone  
  18  2:05  Drone  
  18  2:06  Drone x2  
  21  2:14  Metabolic Boost  
  21  2:17  Hatchery  
  21  2:22  Drone x2  
  22  2:31  Queen  
  24  2:46  Overlord x2  
  24  3:02  Queen  
  26  3:19  Baneling Nest  
  25  3:20  Lair  
  25  3:31  Spine Crawler  
  25  3:33  Zergling x2  
  25  3:34  Zergling x10  
  30  3:39  Drone  
  31  3:46  Queen  
  33  3:49  Zergling x2  
  29  4:26  Zergling x18  
  29  4:27  Zergling x6  
  38  4:48  Drone  
  38  4:49  Drone x6  
  45  4:55  Queen  
  47  5:04  Centrifical Hooks  
  47  5:11  Baneling  
  47  5:12  Baneling x4  
  37  5:49  Zergling x16  
  49  5:50  Zergling x8  
  46  6:16  Drone x4  
  50  6:18  Overlord x2  
  50  6:19  Overlord x2  
  50  6:32  Spire  
  49  6:34  Extractor  
  49  6:39  Drone x3  
  55  6:40  Drone x7  
  55  6:45  Extractor  
  57  6:48  Extractor  
  56  6:57  Extractor  
  56  7:01  Extractor  
  54  7:06  Drone x12  
  58  7:41  Zergling x2  
  58  7:42  Zergling x20  
  69  7:52  Hatchery  
  68  8:12  Mutalisk  
  68  8:13  Mutalisk x4  
  78  8:23  Mutalisk x2  
  37  8:58  Mutalisk x2  
  37  8:59  Mutalisk x4  
Show
View Real Time Build Order
Export as new Build Order

IGViper Terran 

Build Orders: Reaper Expand, Mech 

Get SALT Encoding   

  12  0:01  SCV  
  13  0:14  Supply Depot  
  13  0:18  SCV  
  14  0:30  SCV  
  15  0:38  Barracks  
  15  0:42  SCV  
  16  0:47  Refinery  
  16  0:57  SCV  
  17  1:10  SCV  
  18  1:22  SCV  
  19  1:34  Reaper, Command Center  
  20  1:45  Orbital Command  
  20  1:55  Refinery  
  20  2:11  Barracks Reactor  
  20  2:27  SCV  
  20  2:28  Factory  
  21  2:39  SCV  
  22  2:51  SCV  
  23  2:58  Orbital Command  
  23  3:03  SCV  
  24  3:15  SCV  
  24  3:27  SCV  
  25  3:35  Factory  
  25  3:36  Barracks Tech Lab  
  25  3:38  Hellion  
  25  3:39  SCV, Hellion  
  30  3:46  SCV  
  31  3:51  SCV  
  32  3:59  SCV  
  32  4:00  Hellion x2  
  37  4:03  SCV  
  38  4:11  SCV  
  38  4:15  SCV  
  36  4:23  SCV  
  37  4:28  SCV  
  38  4:41  SCV  
  38  5:11  Supply Depot  
  38  5:15  SCV x2, Hellion  
  38  5:20  Refinery  
  42  5:22  Refinery  
  42  5:24  Factory Tech Lab  
  42  5:27  SCV x2  
  44  5:33  Supply Depot  
  44  5:36  Hellion  
  44  5:39  SCV x2  
  44  5:41  Starport  
  48  5:49  Command Center  
  48  5:51  SCV x2  
  48  5:56  Supply Depot  
  50  6:03  SCV x2  
  52  6:15  SCV x2  
  52  6:16  Factory Reactor  
  54  6:19  Supply Depot  
  54  6:20  Siege Tank  
  54  6:21  Command Center  
  54  6:25  Starport Reactor  
  57  6:27  SCV x2  
  59  6:39  SCV x2  
  61  6:52  Siege Tank, Factory  
  64  6:55  Factory  
  64  7:04  Factory  
  64  7:09  Engineering Bay  
  62  7:25  Siege Tank  
  59  7:36  Missile Turret  
  59  7:41  Missile Turret  
  59  7:47  Orbital Command  
  59  7:53  Factory Tech Lab x2  
  59  7:57  Orbital Command, Siege Tank  
  62  8:04  Missile Turret  
  62  8:05  Missile Turret  
  62  8:08  Missile Turret  
  51  8:29  Cyclone  
Show
View Real Time Build Order
Export as new Build Order

trabajador Protoss 

Build Orders: 1 Gate Expand 

Get SALT Encoding   

  12  0:01  Probe  
  13  0:14  Probe  
  14  0:26  Pylon  
  14  0:29  Probe  
  15  0:44  Probe  
  16  0:50  Gateway  
  16  0:56  Probe  
  17  1:02  Assimilator  
  17  1:08  Probe  
  18  1:20  Probe  
  19  1:32  Probe  
  20  1:36  Nexus  
  20  1:44  Probe  
  20  1:45  Pylon  
  21  1:49  Assimilator  
  21  1:56  Probe  
  22  2:08  Cybernetics Core, Probe  
  23  2:21  Probe  
  24  2:31  Pylon  
  24  2:33  Probe  
  24  2:34  Pylon  
  24  2:36  Pylon  
  25  2:45  Probe  
  25  2:50  Probe  
  27  2:57  Probe  
  28  3:00  Stargate  
  28  3:02  Probe  
  29  3:09  Assimilator  
  29  3:14  Assimilator  
  29  3:20  Probe  
  29  3:21  Probe  
  31  3:33  Stargate  
  31  3:34  Probe  
  31  3:35  Stargate, Probe  
  31  3:37  Stalker  
  35  3:58  Stalker  
  27  4:20  Void Ray x2  
  24  4:28  Probe x2  
  34  4:39  Probe x2  
  36  4:47  Probe x2  
  38  4:55  Probe x2  
  40  5:06  Probe x2  
  40  5:08  Protoss Air Weapons Level 1  
  42  5:18  Probe x2  
  44  5:30  Probe x2  
  46  5:37  Fleet Beacon, Void Ray  
  51  5:42  Probe  
  51  5:43  Probe  
  52  5:54  Probe  
  52  5:55  Probe  
  54  6:06  Nexus  
  54  6:09  Pylon, Probe x2  
  56  6:11  Pylon  
  56  6:14  Pylon  
  56  6:20  Probe x2  
  56  6:21  Flux Vanes  
  58  6:28  Probe  
  58  6:29  Probe  
  59  6:36  Probe  
  59  6:37  Probe  
  60  6:44  Stargate  
  60  6:46  Stargate  
  62  6:47  Probe x2  
  62  6:50  Stargate  
  64  7:02  Cybernetics Core  
  64  7:03  Probe x2  
  66  7:11  Assimilator  
  66  7:14  Assimilator  
  66  7:15  Probe x2  
  49  7:32  Void Ray x2  
  49  7:35  Probe x3  
  52  7:41  Void Ray  
  57  7:47  Probe  
  38  8:11  Void Ray x2  
Show
View Real Time Build Order
Export as new Build Order

Throwfordays Zerg - Winner!

Build Orders: Hatch First 

Get SALT Encoding   

  12  0:02  Drone  
  13  0:13  Overlord  
  13  0:24  Drone  
  14  0:37  Drone  
  14  0:38  Drone x2  
  17  0:58  Hatchery  
  16  1:09  Drone  
  17  1:13  Extractor  
  16  1:19  Spawning Pool  
  16  1:24  Drone x2  
  17  1:30  Drone  
  18  1:43  Drone  
  19  2:07  Queen  
  21  2:09  Zergling x2  
  21  2:10  Zergling x4  
  21  2:14  Queen  
  26  2:16  Zergling x2  
  26  2:22  Metabolic Boost  
  27  2:32  Zergling x2  
  27  2:36  Overlord  
  28  2:54  Zergling x4  
  28  2:55  Zergling x2  
  32  2:58  Zergling x4  
  32  3:04  Overlord  
  33  3:20  Drone x2  
  33  3:22  Drone  
  33  3:23  Drone x2  
  38  3:27  Drone  
  38  3:28  Extractor  
  38  3:29  Drone x2  
  38  3:30  Drone  
  41  3:35  Baneling Nest  
  41  3:38  Zergling x2  
  41  3:44  Overlord  
  41  3:54  Drone  
  42  3:58  Zergling x4  
  44  4:03  Zergling x8  
  46  4:17  Zergling x8  
  46  4:19  Baneling x6  
  49  4:29  Lair  
  47  4:33  Drone  
  47  4:37  Zergling x8  
  50  4:40  Zergling x2  
  49  4:48  Drone  
  49  4:49  Drone x2  
  52  4:53  Overlord  
  52  5:09  Overlord x2  
  51  5:19  Drone x4  
  49  5:22  Drone x3  
  49  5:23  Drone  
  49  5:25  Overlord  
  44  5:31  Extractor  
  44  5:32  Extractor  
  44  5:35  Zergling x4  
  44  5:39  Overlord  
  44  5:40  Zergling x2  
  45  5:45  Zergling x6  
  45  5:47  Zergling x4  
  51  5:50  Zergling x2  
  51  5:51  Zergling x2  
  52  6:10  Baneling x5  
  52  6:11  Baneling x6  
  51  6:12  Baneling x2, Centrifical Hooks  
  51  6:16  Zergling x8  
  55  6:19  Zergling x2  
  56  6:29  Drone x2  
  56  6:30  Drone  
  56  6:31  Drone x2  
  56  6:32  Drone  
  62  6:39  Evolution Chamber  
  61  6:45  Evolution Chamber  
  60  6:48  Zergling x10  
  65  6:56  Zergling x2  
  65  6:58  Zergling x2  
  65  6:59  Zergling x8  
  71  7:19  Baneling x7  
  71  7:20  Baneling x3, Hatchery  
  71  7:21  Baneling x2  
  70  7:29  Zergling x2  
  73  7:30  Zergling x8  
  75  7:42  Drone  
  76  7:47  Zergling x8  
  76  7:50  Drone  
  81  8:03  Queen  
Show
View Real Time Build Order
Export as new Build Order

Cthulhu Terran - Winner!

Build Orders: Command Center First (CC) 

Get SALT Encoding   

  12  0:01  SCV  
  14  0:14  SCV  
  14  0:28  SCV  
  15  0:47  Command Center  
  15  1:09  Supply Depot  
  15  1:11  Refinery  
  15  1:30  SCV  
  16  1:36  Barracks  
  16  1:45  Supply Depot  
  16  1:49  SCV  
  17  2:00  SCV  
  18  2:05  SCV  
  19  2:09  Refinery  
  19  2:14  Barracks  
  19  2:16  SCV  
  19  2:17  SCV  
  21  2:30  SCV  
  22  2:37  Barracks  
  22  2:42  SCV  
  22  2:44  SCV  
  25  2:54  Barracks Tech Lab  
  25  2:57  Supply Depot  
  24  3:02  SCV  
  24  3:03  SCV  
  24  3:05  Barracks Reactor  
  26  3:15  SCV x2  
  26  3:19  Marauder  
  30  3:21  Stimpack  
  30  3:24  Barracks Reactor  
  30  3:29  Supply Depot  
  30  3:31  SCV  
  30  3:32  SCV  
  32  3:36  Engineering Bay  
  32  3:43  SCV  
  32  3:45  Marine  
  32  3:46  Factory  
  32  3:48  Marine  
  34  3:50  Marine  
  36  4:18  SCV  
  36  4:19  Marine x5, SCV  
  36  4:21  Terran Infantry Weapons Level 1  
  43  4:29  Supply Depot  
  43  4:31  Supply Depot  
  43  4:36  Starport  
  43  4:37  Marine x3  
  46  4:38  Marine  
  46  4:39  Marine  
  46  4:42  Factory Reactor  
  48  4:49  SCV  
  50  4:56  Orbital Command  
  49  5:00  Supply Depot x2  
  49  5:01  Combat Shield  
  49  5:04  Marine  
  49  5:05  Marine x3  
  49  5:06  Marine  
  54  5:22  Marine x2  
  54  5:23  Marine x2  
  54  5:24  Refinery  
  54  5:26  Refinery  
  60  5:32  Supply Depot  
  60  5:35  Factory Tech Lab  
  60  5:38  Medivac x2  
  60  5:40  Orbital Command  
  60  5:42  SCV  
  65  5:43  Marine x4  
  65  5:46  Marauder  
  69  5:58  Armory  
  69  6:09  Marauder  
  71  6:13  Marine x4  
  71  6:15  Siege Tank  
  71  6:16  Medivac  
  80  6:22  Supply Depot  
  80  6:30  Medivac  
  82  6:49  Medivac  
  82  6:51  Marine x5  
  89  7:02  Viking  
  91  7:08  Marine  
  91  7:09  Marine x2  
  80  7:35  Marine  
  80  7:36  Marine  
  76  7:47  Marine x2  
  73  8:04  Marine x2, SCV  
  69  8:05  Medivac x2  
Show
View Real Time Build Order
Export as new Build Order

Faust Zerg - Winner!

Build Orders: Hatch First 

Get SALT Encoding   

  12  0:00  Drone  
  13  0:08  Drone  
  14  0:18  Overlord  
  14  0:38  Drone x2  
  16  0:49  Hatchery  
  15  0:53  Drone  
  16  0:58  Drone  
  17  1:13  Spawning Pool  
  17  1:14  Drone  
  17  1:17  Extractor  
  16  1:20  Drone  
  17  1:30  Drone  
  18  1:35  Drone  
  19  1:46  Drone  
  20  2:03  Queen  
  20  2:04  Queen  
  20  2:06  Zergling x6  
  27  2:19  Metabolic Boost  
  27  2:20  Overlord  
  27  2:27  Zergling x2  
  28  2:41  Baneling Nest  
  27  2:44  Zergling x2  
  27  2:45  Zergling x8  
  27  2:47  Overlord  
  32  3:14  Drone  
  32  3:15  Drone x9  
  42  3:32  Drone  
  42  3:33  Lair  
  43  3:35  Drone  
  43  3:37  Overlord  
  35  4:52  Spire  
  34  4:58  Extractor  
  34  4:59  Extractor, Drone x3  
  35  5:00  Drone x3  
  35  5:01  Extractor  
  37  5:33  Extractor  
  37  5:34  Drone x3  
  37  5:35  Hatchery  
  38  5:36  Extractor, Drone x3  
  38  5:39  Drone x3  
  38  5:40  Drone x3  
  46  5:53  Overlord x4  
  46  6:00  Zergling x2  
  46  6:04  Hatchery  
  44  6:26  Mutalisk x3  
  44  6:27  Mutalisk x2  
  44  6:30  Zerg Flyer Weapons Level 1  
  54  6:36  Drone  
  54  6:37  Drone x5  
  60  6:47  Queen  
  60  6:50  Drone  
  60  6:51  Drone x5  
  60  6:52  Mutalisk  
  70  7:05  Mutalisk x2  
  74  7:10  Drone x3  
  74  7:14  Extractor  
  74  7:18  Extractor  
  74  7:22  Queen  
  72  7:25  Mutalisk x5  
  72  7:29  Queen  
  84  7:31  Drone x3  
  84  7:33  Drone x3  
  92  8:09  Corruptor x2  
  92  8:36  Mutalisk  
  92  8:37  Mutalisk x2  
  92  8:39  Overlord x4  
  92  8:40  Overlord x2  
  96  8:49  Mutalisk  
  96  8:51  Overlord x2  
  96  8:52  Overlord x3  
Tags
 
Add a new tag
Caveats
  • Supply blocks, unpowered buildings, or Contaminate may cause inaccurate times.
  • Supply counts are checked every 10 seconds.